 Dungeon Crawl Stone Soup version 0.31-a0-155-gb63f529262 (webtiles) character file.

Game seed: 7759537166268847333

75 poplop the Trooper (level 4, 0/40 HPs)
             Began as a Hill Orc Fighter on June 12, 2023.
             Slain by Grinder (6 damage)
             ... on level 3 of the Dungeon.
             The game lasted 00:07:49 (1496 turns).

poplop the Trooper (Hill Orc Fighter)               Turns: 1496, Time: 00:07:50

Health: 0/40       AC:  8    Str: 20    XL:     4   Next: 31%
Magic:  4/4        EV:  9    Int:  8    God:
Gold:   164        SH:  4    Dex: 10    Spells: 3/3 levels left

rFire   . . .        a - +0 war axe
rCold   . . .        c - +0 buckler
rNeg    . . .        b - +0 scale mail
rPois   .            l - +0 helmet
rElec   .            g - scarf {+Inv}
rCorr   .            (no gloves)
SInv    .            (no boots)
Will    .....        o - amulet of regeneration Stlth
                     (no ring)
HPRegen 1.06/turn    (no ring)
MPRegen 0.09/turn

%: no passive effects
@: no status effects
A: no striking features
a: Evoke Invisibility


You were on level 3 of the Dungeon.
You visited 1 branch of the dungeon, and saw 3 of its levels.

You collected 164 gold pieces.

Inventory:

Hand Weapons
 a - a +0 war axe (weapon)
Missiles
 h - 4 boomerangs (quivered)
Armour
 b - a +0 scale mail (worn)
 c - a +0 buckler (worn)
 g - a scarf of invisibility (worn)
 l - a +0 helmet (worn)
Jewellery
 o - an amulet of regeneration (around neck)
Wands
 i - a wand of quicksilver (7)
Potions
 d - a potion of might
 e - 3 potions of mutation
 j - a potion of lignification {unknown}
 k - a potion of enlightenment {unknown}


   Skills:
 * Level 4.0 Fighting
 * Level 3.8(4.0) Axes
 - Level 1.0(2.2) Maces & Flails
 * Level 3.7 Armour
 * Level 0.5 Dodging
 * Level 0.9 Stealth
 * Level 3.6 Shields


You had 3 spell levels left.
You didn't know any spells.
Your spell library was empty.

Dungeon Overview and Level Annotations

Branches:
Dungeon (3/15)

Altars:

Annotations:
D:3 Grinder


Message History

Items here: ))) [[ †.
Grinder blinks!
Grinder gestures at you. Pain shoots through your body!
Grinder gestures at you. Pain shoots through your body! Grinder hits you.
You writhe in agony.
* * * LOW HITPOINT WARNING * * *
You slash Grinder!
Grinder is moderately wounded.
You block Grinder's attack. Grinder gestures at you.
You resist with significant effort.
You hit Grinder but do no damage.
Grinder is moderately wounded.
Grinder hits you but does no damage.
You hit Grinder.
Grinder is moderately wounded.
Grinder hits you but does no damage.
You barely miss Grinder.
Grinder is moderately wounded.
You block Grinder's attack.
Grinder blinks!
Grinder hits you but does no damage.
You barely miss Grinder.
Grinder is moderately wounded.
Grinder hits you but does no damage.
You barely miss Grinder.
Grinder is moderately wounded.
Grinder hits you.
You writhe in agony.
You closely miss Grinder.
Grinder is moderately wounded.
Grinder says, "You look like you could use a good racking."
Grinder closely misses you. Grinder hits you.
* * * LOW HITPOINT WARNING * * *
You writhe in agony.
* * * LOW HITPOINT WARNING * * *
You feel better. Grinder hits you.
* * * LOW HITPOINT WARNING * * *
You writhe in agony.
You die...

................# ##
.............)##...
##.#...#†##......#
#.#.........##.##
#.#...#.######.##
#.#...#... ....## .
#.#...#.####.....##
...###.?.....###.......#
#......##....[.#@.......
#..###.#####.#.#.5.....#
.........# #))........##
...###.#.###.###.....##
. #.#.....# #.#####
..##.##.# #.#
#####.##..(...
#.######## #.#


You could see Grinder.

Vanquished Creatures
  Robin (D:2)
  3 worms (D:2)
  4 orcs (D:3)
  A bat (D:3)
  3 endoplasms
  A giant cockroach (D:1)
  11 goblins (D:2)
  8 hobgoblins
  2 quokkas
  5 ball pythons
  3 frilled lizards
  3 kobolds
  A rat (D:2)
46 creatures vanquished.

Notes
Turn   | Place    | Note
-------+----------+-------------------------------------------
     0 | D:1      | poplop the Hill Orc Fighter began the quest for the Orb.
     0 | D:1      | Reached XP level 1. HP: 19/19 MP: 1/1
   208 | D:1      | Reached XP level 2. HP: 17/27 MP: 2/2
   931 | D:2      | Reached XP level 3. HP: 33/33 MP: 3/3
   944 | D:2      | Noticed Robin
   957 | D:2      | Reached skill level 4 in Fighting
   958 | D:2      | Killed Robin
  1064 | D:2      | Reached skill level 1 in Maces & Flails
  1159 | D:2      | Reached XP level 4. HP: 40/40 MP: 4/4
  1376 | D:2      | Identified a scroll of acquirement
  1376 | D:2      | Acquired a scarf of invisibility
  1467 | D:3      | Noticed Grinder
  1496 | D:3      | Slain by Grinder

Illustrated notes

Levels and vault maps discovered:
D:1:      mrwooster_arrival_statue_2, layout_basic, minmay_misc_feat_room
D:2:      layout_rooms, chequers_serial_rivers_micro_c, uniq_robin
D:3:      layout_loops_cross, uniq_grinder

Skill      XL: |  1  2  3 |
---------------+----------+-----
Axes           | 3 |  3.8
Fighting       | 4 |  4.0
Maces & Flails | 1 |  1.0
Armour         | |  3.7
Dodging        | |  0.5
Stealth        | |  0.9
Shields        | |  3.6

Action                     |  1- 3 |  4- 6 || total
---------------------------+-------+-------++-------
  Melee: War axe           |   131 |    33 ||   164
    Use: Scroll            |     4 |     4 ||     8
         Potion            |       |     2 ||     2
 Armour: Scale mail        |    50 |    16 ||    66
  Dodge: Dodged            |    55 |    10 ||    65
  Block: Buckler           |    27 |     5 ||    32

Table legend: (Time is in decaauts)
 A = Elapsed time spent in this place.
 B = Non-inter-level travel time spent in this place.
 C = Inter-level travel time spent in this place.
 D = Time resting spent in this place.
 E = Time spent auto-exploring this place.
 F = Levels seen in this place.
 G = Mean time per level.
                   A        B        C        D        E       F      G
               +--------+--------+--------+--------+--------+-----+--------+
         Total |   1556 |   1507 |     49 |     87 |    932 |   3 |  518.7 |
       Dungeon |   1556 |   1507 |     49 |     87 |    932 |   3 |  518.7 |
               +--------+--------+--------+--------+--------+-----+--------+

Top non-repeatable levels by time:
     D:2: 849 daAuts
     D:1: 635 daAuts
     D:3: 71 daAuts
